Map: Divergence LE

Players

Massa

  • Race: Terran Terran
  • League: Gold
  • Spawn Location: 5:00

qqq

  • Race: Zerg Zerg
  • League: Platinum
  • Spawn Location: 5:00

Dahll - Winner!

  • Race: Protoss Protoss
  • League: Platinum
  • Spawn Location: 11:00

Luka - Winner!

  • Race: Zerg Zerg
  • League: Diamond
  • Spawn Location: 11:00

VOD

Have the link to the VOD?

Description

Time

  • Played on: May 9, 2020, 3:29 p.m.
  • Length: 9:15
Show
View Real Time Build Order
Export as new Build Order

Massa Terran 

Build Orders:  

Get SALT Encoding   

  12  0:13  SCV  
  13  0:15  Supply Depot  
  13  0:25  SCV  
  14  0:38  SCV, Barracks  
  15  0:50  SCV  
  16  1:04  SCV  
  16  1:07  Supply Depot  
  17  1:16  SCV  
  17  1:17  Barracks  
  18  1:28  SCV  
  19  1:35  Barracks  
  19  1:39  Barracks, Marine  
  20  1:43  SCV  
  21  1:51  Refinery  
  21  1:57  Marine  
  22  2:06  Supply Depot  
  22  2:09  Marine  
  23  2:15  Marine  
  24  2:23  Marine  
  24  2:27  Marine  
  24  2:28  Marine  
  27  2:33  Marine  
  28  2:41  Marine  
  28  2:42  Supply Depot  
  29  2:44  Marine  
  29  2:45  Marine  
  29  2:51  Marine  
  31  2:55  Orbital Command  
  32  2:59  Marine  
  32  3:02  Marine  
  32  3:03  Marine  
  35  3:09  Marine  
  36  3:17  Marine  
  37  3:20  Marine  
  37  3:21  Marine  
  39  3:29  Factory  
  39  3:34  Marine  
  39  3:35  Marine  
  39  3:38  Marine  
  39  3:39  Marine  
  43  3:52  Marine  
  43  3:53  Marine  
  44  3:56  Marine  
  44  3:57  Marine  
  44  4:17  Factory Tech Lab  
  44  4:27  Command Center  
  42  4:57  Marine x4  
  46  5:10  Supply Depot  
  46  5:11  Engineering Bay  
  46  5:15  Marine  
  46  5:18  Marine  
  46  5:19  Marine  
  46  5:20  Marine  
  47  5:31  Siege Tank  
  47  5:33  Supply Depot  
  50  5:43  Barracks Tech Lab  
  50  5:44  Barracks Reactor, Marine x2  
  52  5:54  SCV  
  53  5:57  Supply Depot  
  53  6:01  SCV  
  53  6:02  Marine x2  
  56  6:06  SCV  
  57  6:13  SCV  
  57  6:18  SCV  
  57  6:20  Marine x2  
  57  6:21  Supply Depot  
  51  6:37  Siege Tank  
  51  6:38  Marine  
  51  6:39  SCV  
  57  6:47  Planetary Fortress, Missile Turret  
  57  6:51  SCV  
  57  6:53  Refinery  
  57  6:55  Terran Infantry Weapons Level 1  
  57  6:59  Engineering Bay  
  57  7:08  Missile Turret  
  57  7:14  Barracks Reactor  
  57  7:18  Marine x4  
  61  7:26  SCV  
  61  7:27  Missile Turret  
  62  7:31  SCV  
  62  7:35  Marine  
  62  7:36  Marine x3  
  67  7:38  SCV  
  67  7:43  SCV  
  69  7:48  Missile Turret  
  69  7:50  SCV  
  70  7:53  Marine x2  
  70  7:54  Marine x2  
  70  7:55  SCV  
  70  7:56  Siege Tank  
  78  8:00  Command Center  
  78  8:02  SCV  
  79  8:07  SCV  
  79  8:10  Missile Turret  
  79  8:11  Marine, Missile Turret  
  81  8:14  SCV  
  54  8:28  Marauder, Marine x2  
  54  8:32  Missile Turret  
  50  8:49  Marauder  
  50  8:50  Marine x2  
  50  8:51  Marine x3  
  50  8:54  Missile Turret  
Show
View Real Time Build Order
Export as new Build Order

qqq Zerg 

Build Orders: Hatch First 

Get SALT Encoding   

  12  0:03  Drone  
  13  0:09  Drone  
  14  0:36  Hatchery  
  13  0:51  Spawning Pool  
  12  1:11  Drone  
  12  1:12  Overlord  
  12  1:13  Drone  
  12  1:18  Extractor  
  13  1:25  Drone  
  14  1:38  Zergling x2  
  15  1:45  Zergling x2  
  16  1:48  Queen  
  16  1:50  Drone  
  19  1:55  Zergling x2  
  20  2:01  Zergling x2  
  21  2:11  Zergling x2  
  21  2:13  Zergling x2  
  23  2:20  Zergling x2  
  24  2:25  Zergling x2  
  24  2:26  Metabolic Boost  
  25  2:30  Zergling x2  
  25  2:33  Overlord  
  26  2:44  Overlord  
  26  2:51  Zergling x2  
  27  2:53  Zergling x2  
  27  2:54  Zergling x2  
  29  3:05  Zergling x2, Baneling Nest  
  29  3:09  Zergling x2  
  30  3:15  Drone  
  31  3:22  Zergling x4  
  31  3:26  Zergling x2  
  34  3:31  Zergling x2  
  33  3:49  Zergling x8  
  33  3:51  Zergling x2  
  29  3:59  Zergling x4  
  31  4:04  Drone  
  31  4:07  Baneling x2  
  32  4:13  Drone  
  32  4:15  Drone  
  34  4:20  Drone  
  35  4:24  Overlord  
  29  4:54  Zergling x8  
  29  4:55  Zergling x8  
  37  5:01  Queen  
  39  5:08  Baneling x2  
  39  5:10  Zergling x2  
  39  5:11  Drone  
  39  5:12  Drone  
  42  5:25  Zergling x2  
  42  5:38  Zergling x4  
  42  5:39  Zergling x2, Overlord  
  42  5:40  Zergling x6  
  47  5:52  Baneling  
  47  5:53  Baneling  
  47  5:59  Zergling x4  
  47  6:00  Zergling x2  
  47  6:02  Drone, Zergling x2  
  47  6:03  Zergling x2  
  53  6:06  Lair  
  53  6:10  Evolution Chamber  
  49  6:32  Drone x3  
  52  6:33  Drone x4  
  52  6:36  Zerg Melee Weapons Level 1  
  56  6:47  Zergling x2  
  57  7:01  Drone x2  
  57  7:07  Drone  
  60  7:17  Overlord  
  60  7:18  Overlord x2  
  60  7:22  Infestation Pit  
  59  7:23  Drone  
  59  7:29  Drone, Evolution Chamber  
  60  7:32  Extractor  
  60  7:33  Drone  
  60  7:38  Zergling x6  
  60  7:40  Drone x2  
  65  7:46  Zergling x6  
  65  7:48  Drone x3  
  71  7:54  Hatchery  
  70  7:59  Hive  
  70  8:02  Drone x2  
  70  8:03  Drone x2  
  74  8:24  Extractor  
  72  8:37  Zergling x8  
  72  8:38  Zergling x8  
  50  8:56  Zergling x4  
Show
View Real Time Build Order
Export as new Build Order

Dahll Protoss - Winner!

Build Orders: Zealot Archon 

Get SALT Encoding   

  12  0:01  Probe  
  13  0:13  Probe  
  14  0:18  Pylon  
  14  0:25  Probe  
  15  0:36  Gateway  
  15  0:38  Probe  
  16  0:47  Assimilator  
  16  0:51  Probe  
  17  1:03  Probe  
  17  1:15  Probe  
  17  1:17  Assimilator  
  18  1:24  Gateway  
  18  1:27  Probe (Chrono Boost), Cybernetics Core  
  19  1:39  Probe (Chrono Boost)  
  20  1:43  Pylon  
  20  1:45  Probe (Chrono Boost)  
  21  1:53  Probe  
  22  2:04  Warp Gate (Chrono Boost)  
  22  2:05  Probe  
  22  2:06  Stalker  
  25  2:17  Probe  
  25  2:21  Stalker  
  29  2:30  Probe  
  29  2:31  Shield Battery  
  29  2:42  Probe  
  30  2:54  Probe  
  31  3:03  Pylon  
  31  3:06  Pylon  
  31  3:21  Stalker x2  
  31  3:22  Probe, Robotics Facility  
  31  3:26  Twilight Council  
  36  3:34  Probe  
  37  3:46  Probe  
  38  4:01  Stalker x2  
  42  4:07  Probe  
  43  4:14  Templar Archives  
  43  4:22  Observer  
  44  4:28  Zealot  
  46  4:35  Pylon  
  46  4:36  Pylon  
  46  4:38  Pylon  
  42  4:55  Stalker x2  
  46  5:14  Nexus  
  46  5:17  Immortal (Chrono Boost)  
  50  5:24  Stalker x2  
  52  5:51  Stalker x2  
  52  5:52  Assimilator  
  52  5:56  Assimilator  
  56  6:04  Probe  
  57  6:16  Probe  
  58  6:28  Probe  
  59  6:49  Stalker x2  
  59  6:52  Pylon  
  59  6:54  Pylon  
  63  6:57  Charge  
  63  7:01  Probe x2  
  65  7:02  Gateway  
  65  7:04  Gateway  
  65  7:06  Gateway  
  65  7:09  Gateway  
  65  7:13  Probe x2, High Templar x2  
  71  7:17  Warp Prism (Chrono Boost)  
  73  7:25  Probe  
  73  7:26  Archon  
  74  7:36  Probe  
  75  7:37  Probe  
  76  7:58  High Templar  
  76  7:59  High Templar x2  
  76  8:00  High Templar  
  76  8:03  Archon  
  76  8:05  Archon  
  84  8:06  Zealot x2  
  84  8:29  Zealot x2  
  84  8:31  Zealot x3  
  78  9:02  High Templar  
  78  9:03  High Templar x4  
  78  9:07  Archon x2  
  78  9:08  High Templar  
  84  9:12  Archon  
Show
View Real Time Build Order
Export as new Build Order

Luka Zerg - Winner!

Build Orders: Hatch First 

Get SALT Encoding   

  12  0:01  Drone  
  13  0:13  Overlord  
  13  0:21  Drone  
  14  0:32  Drone  
  14  0:33  Drone  
  16  0:41  Drone  
  17  0:46  Drone  
  18  0:57  Drone  
  19  1:05  Hatchery  
  19  1:07  Extractor  
  17  1:15  Spawning Pool  
  16  1:18  Drone  
  16  1:22  Drone  
  18  1:29  Drone  
  19  1:39  Overlord  
  19  2:17  Queen  
  19  2:18  Spine Crawler  
  19  2:19  Spine Crawler  
  19  2:20  Zergling x8  
  19  2:21  Metabolic Boost  
  23  2:28  Queen  
  25  2:32  Zergling x2  
  26  2:39  Overlord  
  26  2:59  Zergling x8  
  26  3:05  Zergling x4  
  32  3:12  Zergling x2  
  33  3:18  Lair  
  33  3:21  Drone  
  34  3:28  Drone  
  34  3:32  Drone  
  36  3:37  Overlord  
  26  3:56  Zergling x10  
  30  4:06  Zergling x2  
  30  4:07  Overlord  
  31  4:14  Zergling x6  
  34  4:17  Zergling x2  
  34  4:21  Zergling x2  
  34  4:22  Zergling x2  
  37  4:26  Zergling x2  
  36  4:43  Zergling x10  
  31  4:53  Zergling x8  
  35  5:03  Baneling Nest  
  35  5:06  Zergling x2  
  36  5:07  Zergling x2  
  36  5:12  Zergling x4  
  38  5:27  Zergling x8  
  42  5:43  Zergling x10  
  42  5:48  Centrifical Hooks  
  47  5:51  Baneling x2  
  47  5:52  Baneling  
  47  5:54  Baneling  
  47  5:55  Baneling  
  47  6:00  Baneling  
  47  6:01  Baneling x3  
  47  6:07  Drone x2  
  49  6:11  Zergling x2  
  49  6:13  Zergling x2  
  50  6:25  Zergling x8  
  50  6:43  Extractor  
  50  6:44  Drone x3  
  52  6:51  Overlord  
  52  6:58  Overlord  
  52  7:01  Overlord  
  52  7:09  Queen  
  54  7:16  Drone  
  54  7:19  Drone  
  54  7:21  Drone  
  54  7:22  Hatchery  
  56  7:23  Drone  
  56  7:26  Drone  
  56  7:29  Drone  
  59  7:32  Drone  
  59  7:33  Drone  
  61  7:39  Drone  
  61  7:40  Drone  
  63  7:45  Drone  
  63  7:46  Drone x2  
  66  7:52  Hydralisk Den  
  66  7:54  Drone  
  66  8:01  Drone x3  
  66  8:02  Drone  
  70  8:09  Extractor  
  70  8:12  Drone x4  
  73  8:15  Extractor  
  73  8:16  Drone  
  51  8:37  Hydralisk x4, Zergling x4  
  60  8:42  Drone  
  60  8:43  Drone x4  
  60  8:48  Extractor  
  64  8:50  Extractor  
  62  9:05  Evolution Chamber  
  62  9:07  Evolution Chamber  
Tags
 
Add a new tag
Caveats
  • Supply blocks, unpowered buildings, or Contaminate may cause inaccurate times.
  • Supply counts are checked every 10 seconds.